 Dungeon Crawl Stone Soup version 0.17.0-27-g4a3f43e (webtiles) character file.

116 oplop the Sneak (level 4, -1/21 HPs)
             Began as a Spriggan Enchanter on Nov 21, 2015.
             Killed by nerve-wracking pain
             ... invoked by Grinder
              (11 damage)
             ... while paralysed by Grinder
             ... on level 3 of the Dungeon.
             The game lasted 00:05:32 (2435 turns).

oplop the Sneak (Spriggan Enchanter)                Turns: 2435, Time: 00:05:33

Health: -1/21      AC:  8    Str:  4    XL:     4   Next: 70%
Magic:  7/10       EV:  4    Int: 16    God:
Gold:   76         SH:  0    Dex: 17    Spells: 4 memorised, 1 level left

rFire  . . .     SeeInvis +     a - +1 dagger
rCold  . . .     Clarity  .     b - +1 robe
rNeg   . . .     SustAt   .     (shield restricted)
rPois  .         Gourm    .     (helmet restricted)
rElec  .         Spirit   .     (no cloak)
rCorr  .         Warding  .     (gloves unavailable)
rMut   .         Stasis   .     (boots unavailable)
MR     .....                    (no amulet)
Stlth  ++++......               (no ring)
                                n - +5 ring of protection

@: paralysed, very slightly contaminated, very quick, not resistant to hostile
enchantments, stealthy
A: unfitting armour, see invisible, herbivore 3, speed 3, slow metabolism 2
a: no special abilities


You were on level 3 of the Dungeon.
You were very hungry.

You visited 1 branch of the dungeon, and saw 3 of its levels.

You collected 76 gold pieces.

Inventory:

Hand Weapons
 a - a +1 dagger (weapon)
Missiles
 k - 2 throwing nets (quivered)
Armour
 b - a +1 robe (worn)
Jewellery
 n - a +5 ring of protection (left hand)
 p - an uncursed amulet of regeneration
Scrolls
 f - a scroll of recharging {unknown}
 i - a scroll of remove curse {unknown}
 m - 2 scrolls of enchant armour {unknown}
 o - 4 scrolls of immolation {unknown}
 r - a scroll of blinking {unknown}
 s - a scroll of random uselessness {unknown}
Potions
 e - 2 potions of lignification {unknown}
 g - a potion of mutation {unknown}
 h - 3 potions of curing {unknown}
 j - a potion of resistance {unknown}
 l - 2 potions of haste {unknown}
 q - a potion of brilliance {unknown}
Books
 c - a book of Maledictions

   Spells                             Type                      Level
   a - Corona                         Hexes                        1
   b - Ensorcelled Hibernation        Hexes/Ice                    2
   c - Confuse                        Hexes                        3
   d - Tukima's Dance                 Hexes                        3
   e - Dazzling Spray                 Conjuration/Hexes            3
Comestibles
 d - 2 bread rations


   Skills:
 - Level 2.1 Short Blades
 + Level 3.8 Dodging
 + Level 5.6 Stealth
 * Level 3.6 Spellcasting
 * Level 4.6 Hexes


You had one spell level left.
You knew the following spells:

 Your Spells              Type           Power        Failure   Level  Hunger
a - Corona                Hex            ###....      2%          1    None
b - Ensorcelled Hibernat  Hex/Ice        ##....       12%         2    ##.....
c - Confuse               Hex            ###.....     10%         3    ###....
d - Tukima's Dance        Hex            ###.....     10%         3    ###....


Dungeon Overview and Level Annotations

Branches:
Dungeon (3/15)

Altars:

Annotations:
D:3 Grinder, Natasha


Innate Abilities, Weirdness & Mutations

You are tiny and cannot use many weapons and most armour.
You have supernaturally acute eyesight.
You are a herbivore.
You cover ground extremely quickly.
You need consume almost no food.


Message History

Grinder completely misses you.
Casting: Ensorcelled Hibernation
Confirm with . or Enter, or press ? or * to list all spells.
Aiming: Confuse
Press: ? - help, Shift-Dir - straight line, f - Grinder
Aim: Grinder (severely wounded, chance to defeat MR: 48%)
You miscast Confuse.
You are very lightly contaminated with residual magic.
You feel off-balance for a moment. Grinder gestures at you.
You suddenly lose the ability to move!
Grinder hits you.
You writhe in agony.
You writhe in agony.
Grinder hits you.
You writhe in agony.
You writhe in agony.
Grinder hits you but does no damage.
Grinder gestures.
Grinder blinks!
Grinder gestures at you. Pain shoots through your body!
Ouch! That really hurt!
You die...

#.######.....# #.# #.....# #.#
#.†...##### #.# #.# #.........#
..# #+######.........# ..# ##
....†............# ..###..
.....)...........# #.>.......
..............##########......8..
......).......+§@5........[..8.8.
..............#########.....8._.8
............(.##......#......8.8.
..............+.......#.......8..
..............##.###..#......(...
...............#.#....#..........
...........#.##.#.#..........
######'#.......#.#..........
#.#..#.#..#.#.#########


You could see Grinder.

Vanquished Creatures
  4 adders
  An ooze (D:3)
  A worm (D:3)
  4 giant geckos
  3 giant cockroaches
  5 goblins
  12 hobgoblins
  4 jackals (D:3)
  3 bats
  7 giant newts
  4 kobolds
  A quokka (D:2)
  2 rats (D:1)
51 creatures vanquished.

Vanquished Creatures (collateral kills)
  2 gnolls (D:2)
  A kobold (D:3)
3 creatures vanquished.

Grand Total: 54 creatures vanquished

Notes
Turn   | Place    | Note
--------------------------------------------------------------
     0 | D:1      | oplop the Spriggan Enchanter began the quest for the Orb.
     0 | D:1      | Reached XP level 1. HP: 9/9 MP: 5/5
   588 | D:1      | Reached XP level 2. HP: 4/13 MP: 4/6
   615 | D:1      | Learned a level 2 spell: Ensorcelled Hibernation
  1278 | D:2      | Reached XP level 3. HP: 8/16 MP: 8/8
  1296 | D:2      | Reached skill level 5 in Stealth
  1491 | D:2      | Learned a level 3 spell: Tukima's Dance
  1751 | D:2      | Reached XP level 4. HP: 14/21 MP: 4/9
  1760 | D:2      | Learned a level 3 spell: Confuse
  2174 | D:3      | Noticed Natasha
  2365 | D:3      | Found a faded altar to an unknown god.
  2421 | D:3      | Noticed Grinder
  2430 | D:3      | Paralysed by Grinder for 7 turns
  2435 | D:3      | Killed from afar by Grinder

Action                   |  1- 3 |  4- 6 || total
-------------------------+-------+-------++-------
Melee: Dagger            |    87 |    82 ||   169
 Cast: Corona            |     1 |       ||     1
       Ensorcelled Hiber |    12 |    13 ||    25
       Tukima's Dance    |     2 |     2 ||     4
 Stab: Sleeping          |    16 |    10 ||    26
